 Dungeon Crawl Stone Soup version 0.22.1-5-g62c59d919a (webtiles) character file.

86259 Ihlosi the Destroyer (level 16, -3/96 HPs)
             Began as a Kobold Fire Elementalist on Jan 13, 2019.
             Was the Champion of Vehumet.
             Slain by a swamp worm (22 damage)
             ... on level 3 of the Swamp.
             The game lasted 02:25:09 (32308 turns).

Ihlosi the Destroyer (Kobold Fire Elementalist)    Turns: 32308, Time: 02:25:10

Health: -3/96      AC:  9    Str:  6    XL:     16   Next: 33%
Magic:  40/41      EV: 24    Int: 21    God:    Vehumet [******]
Gold:   2535       SH:  0    Dex: 17    Spells: 19/40 levels left

rFire    . . .     SeeInvis +   j - +2 long sword (elec)
rCold    . . .     Gourm    .   (shield restricted)
rNeg     + . .     Faith    .   J - +2 robe {rN+}
rPois    +         Spirit   .   T - +1 helmet {SInv}
rElec    .         Reflect  .   H - +0 cloak
rCorr    .         Harm     .   I - +1 pair of gloves
MR       +....                  (no boots)
Stlth    +++.......             q - amulet of regeneration
HPRegen  0.66/turn              B - ring of magical power
MPRegen  0.27/turn              p - ring of poison resistance

@: very slightly contaminated, hasted, invisible, very quick
A: small, carnivore
a: Renounce Religion


You were on level 3 of the Swamp.
You worshipped Vehumet.
Vehumet was exalted by your worship.
You were full.

You visited 6 branches of the dungeon, and saw 26 of its levels.
You also visited: Bailey.

You collected 2885 gold pieces.
You spent 350 gold pieces at shops.

Inventory:

Hand Weapons
 a - a +4 long sword of freezing
 b - a +3 dagger of venom
 j - a +2 long sword of electrocution (weapon)
 t - a +2 demon trident of venom
 C - the +8 shortbow of Brawling {venom, Str+4 Dex+2, unknown}
   (You found it on level 2 of the Swamp)

   It poisons the ammo it fires.
   It affects your strength (+4).
   It affects your dexterity (+2).
Missiles
 e - 696 stones (quivered)
 g - 116 poisoned needles
 v - 9 curare-tipped needles
 A - 86 bolts
 F - 8 needles of sleeping
Armour
 i - +0 swamp dragon scales
 m - a +2 robe of cold resistance
 u - a +0 buckler
 H - a +0 cloak (worn)
 I - a +1 pair of gloves (worn)
 J - a +2 robe of positive energy (worn)
 Q - a +0 robe of magic resistance
 T - a +1 helmet of see invisible (worn)
Jewellery
 l - an uncursed ring of resist corrosion
 n - an uncursed ring of protection from magic
 p - a ring of poison resistance (right hand)
 q - an amulet of regeneration (around neck)
 B - a ring of magical power (left hand)
 D - an uncursed amulet of magic regeneration
 S - an uncursed ring of ice
Wands
 f - a wand of acid (4)
 L - a wand of paralysis (24)
 N - a wand of flame (46)
 U - a wand of polymorph (16)
Scrolls
 d - 3 scrolls of immolation
 h - 4 scrolls of remove curse
 r - 3 scrolls of amnesia
 s - 6 scrolls of teleportation
 x - 2 scrolls of fog
 y - a scroll of identify
 O - a scroll of enchant weapon
Potions
 o - 5 potions of agility
 w - 4 potions of might
 z - 7 potions of brilliance
 E - a potion of resistance
 K - 5 potions of cancellation
 M - 3 potions of flight
 P - 2 potions of haste
 R - a potion of magic
 Y - 5 potions of curing
 Z - 2 potions of ambrosia
Miscellaneous
 V - a lamp of fire
Comestibles
 c - 25 rations


   Skills:
 - Level 9.0 Fighting
 * Level 6.0 Long Blades
 * Level 11.7 Dodging
 - Level 6.0 Stealth
 * Level 2.5 Shields
 * Level 12.9 Spellcasting
 * Level 12.9 Conjurations
 * Level 12.8 Fire Magic
 - Level 9.0 Evocations


You had 19 spell levels left.
You knew the following spells:

 Your Spells              Type           Power        Failure   Level  Hunger
a - Flame Tongue          Conj/Fire      #####        1%          1    None
b - Throw Flame           Conj/Fire      ######       1%          2    None
c - Sticky Flame          Conj/Fire      ######..     1%          4    None
d - Conjure Flame         Conj/Fire      ######..     1%          3    None
e - Inner Flame           Hex/Fire       #####...     1%          3    None
f - Fireball              Conj/Fire      ######....   1%          5    ####...
g - Mephitic Cloud        Conj/Pois/Air  ####....     1%          3    None

Your spell library contained the following spells:

 Spells                   Type           Power        Failure   Level  Hunger
 Irradiate                Conj/Tmut      #####.....   2%          5    ####...
 Infusion                 Chrm           ##..         4%          1    None
 Shroud of Golubria       Chrm/Tloc      ##........   8%          2    None
 Song of Slaying          Chrm           ##......     8%          2    None
 Ozocubu's Armour         Chrm/Ice       ##......     14%         3    None
 Regeneration             Chrm/Necr      ##........   14%         3    None
 Spectral Weapon          Hex/Chrm       ##......     14%         3    None


Dungeon Overview and Level Annotations

Branches:
Dungeon (13/15)            Temple (1/1) D:7            Lair (6/6) D:9
  Swamp (3/4) Lair:4        Snake (0/4) Lair:3        Slime (0/5) Lair:5
    Orc (2/2) D:11            Elf (1/3) Orc:2
 Vaults: D:13-14

Altars:
Ashenzari
Cheibriados
Dithmenos
Elyvilon
Fedhas
Gozag
Hepliaklqana
Kikubaaqudgha
Makhleb
Nemelex Xobeh
Okawaru
Qazlal
Ru
Sif Muna
Trog
Uskayaw
Vehumet
Wu Jian
Xom
Yredelemnul
Zin
The Shining One
Beogh

Shops:
D:9 [   Orc:1 ?   Orc:2 ([*:

Annotations:
D:4 Ogre
D:13 Nessos!, Nessos
Lair:2 exclusion: oklob plant
Lair:4 1 runed door, SnubMonkey's ghost, journeyman FeIE
Lair:5 1 runed door, iVAG's ghost, journeyman DrCj
Swamp:2 1 runed door


Innate Abilities, Weirdness & Mutations

You are small and have problems with some larger weapons.
You are carnivorous and can eat meat at any time.


Message History

There is a stone staircase leading up here.
The tyrant leech closely misses you.
You riposte.
You closely miss the tyrant leech. The swamp worm completely misses you.
The swamp worm throws harpoon shot at you.
The harpoon shot hits you!
* * * LOW HITPOINT WARNING * * *
You stop ascending the stairs.
You are yanked forward by the harpoon shot.
Okay, then.
Okay, then.
You fade into invisibility!
The swamp worm throws harpoon shot at you.
The harpoon shot misses you. The swamp worm closely misses you.
The tyrant leech completely misses you.
Unknown command.
You feel yourself speed up. The swamp worm completely misses you.
A tyrant leech comes into view.
The tyrant leech completely misses you.
You feel better. The swamp worm barely misses you. The swamp worm bites you!!
You die...

♣.≈≈.≈≈≈≈≈.♣♣ .
♣≈≈....≈≈≈≈....≈≈
♣.≈≈≈.≈≈≈♣≈≈..≈≈
♣.≈≈≈....≈≈w≈≈≈≈
.♣♣♣.♣≈≈≈≈≈≈≈≈≈.≈§≈
≈≈....≈≈≈..≈≈≈≈.≈≈§
♣≈≈≈≈≈......≈.≈≈.
♣≈≈≈≈.♣≈♣≈w.♣....
≈≈≈≈≈≈♣.≈Xw@≈.≈§.w≈
.≈..≈≈≈≈♣≈w≈≈≈.≈≈§≈
♣♣♣...≈♣≈≈.≈§≈.≈≈..
♣♣..≈≈♣≈≈.≈♣....♣
♣♣.≈≈≈.≈≈≈≈.≈≈.≈
♣.....≈♣.≈≈≈≈..
♣.≈≈≈≈y≈≈≈≈≈≈≈.
♣♣.≈≈.≈≈..≈≈≈≈.≈f
♣.≈.§≈≈..♣≈.≈.≈


You could see a tentacled monstrosity, 2 tyrant leeches, 3 swamp worms and a
vampire mosquito (wandering).

Vanquished Creatures
  Louise (Swamp:1)
  An orc warlord (Orc:2)
  A deep elf demonologist (Elf:1)
  7 hydras
  Fannar (Lair:1)
  A centaur warrior (D:11)
  4 two-headed ogres
  2 tengu warriors (D:12)
  8 alligators (Swamp:1)
  Urug (Lair:3)
  7 orc high priests
  2 deep elf knights (Elf:1)
  2 swamp dragons
  A shambling mangrove (Swamp:2)
  7 orc knights
  4 deep elf magi
  6 orc sorcerers
  2 ugly things (D:11)
  A manticore (D:12)
  A cyclops (D:9)
  5 centaur zombies (D:12)
  14 elephants
  A torpor snail (Lair:3)
  5 black mambas
  14 spiny frogs
  A gargoyle (D:10)
  7 komodo dragons
  A rime drake (Lair:3)
  A polar bear (Lair:6)
  4 trolls
  5 tyrant leeches
  6 hornets
  Grinder (D:3)
  2 bog bodies (Swamp:1)
  13 blink frogs
  6 hippogriffs
  9 slime creatures
  8 redbacks (D:12)
  3 spriggans (Swamp:1)
  2 shadows
  A vampire (D:11)
  47 yaks
  2 wyverns
  A human (D:8)
  5 basilisks
  Grum (D:9)
  2 hungry ghosts
  6 vampire mosquitoes
  4 wargs
  A soldier ant (D:12)
  5 water moccasins
  5 swamp worms
  6 porcupines
  2 swamp drakes
  An ice beast (D:11)
  2 black bears
  41 orc warriors
  2 sky beasts
  A hornet zombie (D:11)
  A phantom (D:5)
  5 centaurs
  5 necrophages
  14 ogres
  10 wolves
  13 crocodiles
  2 big kobolds
  15 bullfrogs
  A wyvern skeleton (D:11)
  A scorpion (D:4)
  A water moccasin zombie (D:5)
  9 killer bees
  5 wights (D:9)
  4 howler monkeys
  4 electric eels
  5 crimson imps
  A quasit (D:11)
  5 bullfrog zombies
  5 hounds
  26 orc wizards
  33 orc priests
  3 bullfrog skeletons
  9 jellies
  A centaur skeleton (D:5)
  7 iguanas
  12 worker ants
  4 hell rats (Lair:3)
  A hound zombie (D:7)
  2 hound skeletons
  Robin (D:3)
  11 gnolls
  A worker ant zombie (D:5)
  9 adders
  6 river rats (Lair:3)
  4 shadow imps
  14 oozes
  An adder zombie (D:6)
  2 adder skeletons (D:6)
  3 worms (D:2)
  3 dart slugs
  3 leopard geckos
  132 orcs
  8 giant cockroaches
  18 goblins
  11 hobgoblins
  18 jackals
  28 kobolds
  5 quokkas
  A ball python (D:4)
  3 bats
  7 frilled lizards
  A jackal skeleton (D:7)
  11 rats
  A bush (D:12)
809 creatures vanquished.

Vanquished Creatures (collateral kills)
  A black mamba (Lair:6)
  3 yaks (Lair:6)
4 creatures vanquished.

Vanquished Creatures (others)
  An orc (Orc:1)
  13 fungi
  16 plants
30 creatures vanquished.

Grand Total: 843 creatures vanquished

Notes
Turn   | Place    | Note
-------+----------+-------------------------------------------
     0 | D:1      | Ihlosi the Kobold Fire Elementalist began the quest for the
                  | Orb.
     0 | D:1      | Reached XP level 1. HP: 10/10 MP: 3/3
    90 | D:1      | Reached XP level 2. HP: 16/16 MP: 1/5
   363 | D:1      | Reached XP level 3. HP: 18/20 MP: 1/6
   381 | D:1      | Reached skill level 1 in Fighting
  1570 | D:2      | Reached XP level 4. HP: 20/25 MP: 3/8
  1591 | D:2      | Learned a level 2 spell: Throw Flame
  1596 | D:2      | Learned a level 4 spell: Sticky Flame
  2108 | D:3      | Found a shattered altar of Ashenzari.
  2574 | D:3      | Noticed Grinder
  2576 | D:3      | Paralysed by Grinder for 6 turns
  2601 | D:3      | Paralysed by Grinder for 3 turns
  2706 | D:4      | Reached XP level 5. HP: 5/29 MP: 3/10
  2906 | D:4      | Noticed an ogre
  3036 | D:4      | Reached XP level 6. HP: 32/35 MP: 4/11
  3095 | D:3      | Noticed Robin
  3798 | D:3      | Killed Robin
  3973 | D:5      | Entered Level 5 of the Dungeon
  3980 | D:5      | Reached skill level 5 in Stealth
  4172 | D:5      | Found a shadowy altar of Dithmenos.
  4289 | D:5      | Reached XP level 7. HP: 32/40 MP: 7/13
  4486 | D:5      | Reached skill level 1 in Evocations
  4690 | D:5      | Found an iron altar of Okawaru.
  4919 | D:5      | Reached skill level 5 in Dodging
  5094 | D:6      | Reached XP level 8. HP: 44/45 MP: 9/14
  5460 | D:6      | Found a hazy altar of Hepliaklqana.
  5582 | D:6      | Identified the Disquisition on the Blaze and Enhancements
  5702 | D:6      | Reached skill level 5 in Spellcasting
  6178 | D:7      | Found a staircase to the Ecumenical Temple.
  6195 | Temple   | Entered the Ecumenical Temple
  6388 | Temple   | Became a worshipper of Vehumet
  6708 | D:7      | Reached XP level 9. HP: 50/50 MP: 17/17
  6718 | D:7      | Found a stormy altar of Qazlal.
  6826 | D:7      | Found an ornate altar of the Wu Jian Council.
  7322 | D:7      | Noticed a slime creature
  7706 | D:3      | Found a shattered altar of Ashenzari.
  7753 | D:3      | Killed Grinder
  8103 | D:4      | Reached skill level 5 in Conjurations
  8103 | D:4      | Reached skill level 5 in Fire Magic
  8362 | D:5      | Reached * piety under Vehumet
  8362 | D:5      | Offered knowledge of Sting by Vehumet.
  9301 | D:7      | Killed a slime creature
  9364 | D:7      | Reached XP level 10. HP: 56/56 MP: 21/21
  9650 | D:8      | Learned a level 3 spell: Conjure Flame
  9654 | D:8      | Learned a level 3 spell: Inner Flame
  9660 | D:8      | Learned a level 5 spell: Fireball
  9676 | D:8      | Offered knowledge of Searing Ray by Vehumet.
 10280 | D:8      | Found a roughly hewn altar of Beogh.
 10281 | D:8      | Reached ** piety under Vehumet
 10281 | D:8      | Reached skill level 1 in Long Blades
 10433 | D:8      | Found a hide-covered altar of Uskayaw.
 10552 | D:9      | Noticed a cyclops
 10608 | D:9      | Offered knowledge of Throw Frost by Vehumet.
 10713 | D:9      | You fall through a shaft for 3 floors!
 10720 | D:12     | Noticed a manticore
 10735 | D:12     | Killed a manticore
 10934 | D:11     | Noticed a komodo dragon
 10935 | D:11     | Noticed a two-headed ogre
 10948 | D:11     | Killed a komodo dragon
 10956 | D:11     | Reached *** piety under Vehumet
 10969 | D:11     | Killed a two-headed ogre
 10969 | D:11     | Reached XP level 11. HP: 27/61 MP: 11/23
 11090 | D:11     | Found a flagged portal.
 11196 | D:11     | Offered knowledge of Ignite Poison by Vehumet.
 11220 | Bailey   | Entered a bailey
 11241 | Bailey   | Noticed an orc knight
 11242 | Bailey   | Noticed an orc knight
 11253 | Bailey   | Killed an orc knight
 11258 | Bailey   | Killed an orc knight
 11294 | Bailey   | Reached **** piety under Vehumet
 11437 | Bailey   | Offered knowledge of Mephitic Cloud by Vehumet.
 11453 | Bailey   | Learned a level 3 spell: Mephitic Cloud
 11595 | Bailey   | Got a crude scale mail
 11685 | D:11     | Reached skill level 5 in Evocations
 11710 | D:10     | Entered Level 10 of the Dungeon
 11720 | D:11     | Noticed a white ugly thing
 11741 | D:11     | Killed a white ugly thing
 12063 | D:9      | Noticed Grum
 12092 | D:9      | Killed Grum
 12197 | D:9      | Reached skill level 5 in Fighting
 12777 | D:9      | Reached ***** piety under Vehumet
 12789 | D:9      | Offered knowledge of Ozocubu's Refrigeration by Vehumet.
 12887 | D:9      | Found a staircase to the Lair.
 12967 | D:9      | Found Qenuddeo's Armour Boutique.
 13027 | D:9      | Killed a cyclops
 13376 | D:10     | Reached XP level 12. HP: 55/68 MP: 18/25
 15075 | D:11     | Noticed a two-headed ogre
 15080 | D:11     | Killed a two-headed ogre
 15084 | D:11     | Reached skill level 10 in Spellcasting
 15268 | D:11     | Found a roughly hewn altar of Beogh.
 15272 | D:11     | Found a staircase to the Orcish Mines.
 15402 | D:11     | Noticed a centaur warrior
 15415 | D:11     | Killed a centaur warrior
 15710 | D:12     | Paralysed by an orc sorcerer for 5 turns
 15710 | D:12     | Noticed a four-headed hydra
 15715 | D:12     | Noticed a sixfirhy
 16002 | D:12     | Killed a four-headed hydra
 16032 | D:12     | Offered knowledge of Freezing Cloud by Vehumet.
 16286 | D:12     | Noticed a two-headed ogre
 16307 | D:12     | Killed a two-headed ogre
 16384 | D:12     | Noticed a tengu warrior
 16407 | D:12     | Found a blossoming altar of Fedhas.
 16657 | Lair:1   | Entered Level 1 of the Lair of Beasts
 16914 | Lair:1   | Reached XP level 13. HP: 75/75 MP: 27/27
 16925 | Lair:1   | Noticed Fannar
 18604 | Lair:2   | Reached skill level 10 in Fire Magic
 18828 | Lair:3   | Found a staircase to the Snake Pit.
 19289 | Lair:3   | Noticed Urug
 19299 | Lair:3   | Killed Urug
 20387 | Lair:4   | Reached skill level 10 in Conjurations
 20727 | Lair:4   | Found a runed door.
 20728 | Lair:4   | Noticed SnubMonkey's ghost (journeyman FeIE)
 20866 | Lair:4   | Found a staircase to the Swamp.
 21573 | Lair:5   | Noticed an eight-headed hydra
 21716 | Lair:5   | Reached XP level 14. HP: 78/82 MP: 29/29
 21727 | Lair:5   | Found a staircase to the Slime Pits.
 22093 | Lair:5   | Reached skill level 10 in Dodging
 22126 | Lair:5   | Found a runed door.
 22127 | Lair:5   | Noticed iVAG's ghost (journeyman DrCj)
 22434 | Lair:6   | Entered Level 6 of the Lair of Beasts
 22443 | Lair:6   | Offered knowledge of Venom Bolt by Vehumet.
 22444 | Lair:6   | Reached skill level 5 in Long Blades
 25192 | D:13     | Noticed Nessos
 25198 | D:12     | Reached XP level 15. HP: 88/88 MP: 31/31
 25217 | D:12     | HP: 3/88 [redback (18)]
 25459 | Orc:1    | Entered Level 1 of the Orcish Mines
 25459 | Orc:1    | Found Humyecol's Magic Scroll Shoppe.
 25467 | Orc:1    | Offered knowledge of Irradiate by Vehumet.
 25474 | Orc:1    | Bought a scroll of identify for 22 gold pieces
 25474 | Orc:1    | Bought a scroll of identify for 22 gold pieces
 25474 | Orc:1    | Bought a scroll of identify for 22 gold pieces
 25474 | Orc:1    | Bought a scroll of identify for 22 gold pieces
 25474 | Orc:1    | Bought a scroll of identify for 22 gold pieces
 25474 | Orc:1    | Bought a scroll of identify for 22 gold pieces
 25523 | Orc:1    | Identified the +6 scale mail of Henotheism {+Fly MR- Int+5
                  | SInv} (You found it in a bailey)
 25748 | Orc:2    | Entered Level 2 of the Orcish Mines
 25789 | Orc:1    | Bought a scroll of magic mapping for 38 gold pieces
 26028 | Orc:2    | Found a roughly hewn altar of Beogh.
 27089 | Orc:2    | Found a staircase to the Elven Halls.
 27133 | Orc:2    | Noticed an orc warlord
 27147 | Orc:2    | Killed an orc warlord
 27918 | Orc:2    | Found Ykeysirph's General Store.
 27919 | Orc:2    | Found Hudexzaedgh's Book Shoppe.
 27920 | Orc:2    | Found Tush's Antique Armour Emporium.
 27920 | Orc:2    | Found Piytz's Antique Weapon Emporium.
 27944 | Orc:2    | Bought a shiny helmet for 180 gold pieces
 28090 | Elf:1    | Entered Level 1 of the Elven Halls
 28144 | Elf:1    | Reached skill level 1 in Shields
 28767 | Lair:1   | Killed Fannar
 28919 | Swamp:1  | Entered Level 1 of the Swamp
 29820 | Swamp:1  | Noticed Louise
 30267 | Swamp:1  | Reached XP level 16. HP: 96/96 MP: 32/32
 30799 | Swamp:1  | Found an iron altar of Okawaru.
 30973 | Swamp:1  | Killed Louise
 31368 | Swamp:2  | Got a faintly glowing shortbow
 31405 | Swamp:2  | Found a runed door.
 31781 | Swamp:2  | Reached ****** piety under Vehumet
 32301 | Swamp:3  | Noticed a tentacled monstrosity
 32308 | Swamp:3  | Slain by a swamp worm

Skill      XL: |  1  2  3  4  5  6  7  8  9 10 11 12 13 14 15 16 |
---------------+-------------------------------------------------+-----
Stealth        | 3 4 5 6 |  6.0
Fighting       | 1 2 3 4 5 6 7 8 9 |  9.0
Spellcasting   | 3 4 5 7 8 9 10 11 12 | 12.9
Dodging        | 3 4 5 6 7 8 9 10 11 | 11.7
Conjurations   | 2 3 4 5 7 8 9 10 11 12 | 12.9
Evocations     | 1 3 4 5 6 7 8 9 |  9.0
Fire Magic     | 6 7 8 9 10 11 12 | 12.8
Long Blades    | 2 3 4 5 6 |  6.0
Shields        | 1 2 |  2.5

Action                   |  1- 3 |  4- 6 |  7- 9 | 10-12 | 13-15 | 16-18 || total
-------------------------+-------+-------+-------+-------+-------+-------++-------
Melee: Unarmed           |    21 |       |       |       |       |       ||    21
       Dagger            |    31 |   101 |   224 |   320 |   474 |    22 ||  1172
       Long sword        |       |       |       |       |    90 |    17 ||   107
 Cast: Flame Tongue      |    38 |    47 |    87 |    92 |     5 |       ||   269
       Throw Flame       |       |     4 |    36 |   116 |   356 |    66 ||   578
       Sticky Flame      |       |     3 |    11 |    79 |   213 |    21 ||   327
       Fireball          |       |       |       |    17 |    65 |    19 ||   101
       Inner Flame       |       |       |       |     5 |     1 |       ||     6
       Conjure Flame     |       |       |       |     7 |       |       ||     7
       Mephitic Cloud    |       |       |       |     1 |    12 |     1 ||    14
Evoke: Wand              |       |       |     4 |    17 |     7 |     1 ||    29
       Lamp of fire      |       |       |       |     1 |       |       ||     1
  Use: Potion            |     1 |     1 |       |     5 |     1 |     3 ||    11
       Scroll            |       |    12 |     2 |    13 |    14 |     2 ||    43
 Stab: Sleeping          |     2 |     9 |     7 |     5 |     7 |       ||    30
       Distracted        |       |       |     1 |     1 |     2 |       ||     4
       Paralysed         |       |       |     2 |     3 |     3 |       ||     8
       Petrifying        |       |       |       |       |     1 |       ||     1
       Petrified         |       |       |       |       |     1 |       ||     1
       Confused          |       |       |       |       |     4 |     1 ||     5
  Eat: Chunk             |    10 |     8 |    18 |    33 |    60 |     6 ||   135
Armor: Robe              |     4 |     9 |    45 |    77 |    89 |    13 ||   237
Dodge: Dodged            |    42 |    93 |   222 |   482 |   728 |    71 ||  1638
       Rpst.: Long sword |       |       |       |       |    24 |     7 ||    31
